 Dungeon Crawl Stone Soup version 0.29-a0-275-g389c0b56f3 (webtiles) character file.

Game seed: 6191293761539233179

1040 cfesf the Jinx (level 8, -4/36 HPs)
             Began as a Spriggan Enchanter on Mar 12, 2022.
             Was an Initiate of Dithmenos.
             Killed by divine providence
             ... invoked by an orc priest
              (15 damage)
             ... on level 5 of the Dungeon.
             The game lasted 00:14:05 (6822 turns).

cfesf the Jinx (Spriggan Enchanter)                 Turns: 6822, Time: 00:14:06

Health: -4/36      AC:  3    Str: 12    XL:     8   Next: 4%
Magic:  19/21      EV: 17    Int: 16    God:    Dithmenos [......]
Gold:   217        SH:  0    Dex: 16    Spells: 12/23 levels left

rFire   . . .      SeeInvis +   a - +1 dagger
rCold   . . .      Faith    .   (no shield)
rNeg    . . .      Spirit   .   b - +0 robe
rPois   .          Reflect  .   (helmet restricted)
rElec   .          Harm     .   e - +0 cloak
rCorr   .          Rampage  .   (gloves unavailable)
Will    +....                   (boots unavailable)
Stlth   +++.......              g - amulet of magic regeneration
HPRegen 0.12/turn               q - +6 ring of strength
MPRegen 0.57/turn               (no ring)

@: very quick
A: very small, no large weapons, unfitting armour, see invisible, speed 3
a: Renounce Religion


You were on level 5 of the Dungeon.
You worshipped Dithmenos.
Dithmenos was noncommittal.
You visited 2 branches of the dungeon, and saw 6 of its levels.

You collected 217 gold pieces.

Inventory:

Hand Weapons
 a - a +1 dagger (weapon)
Missiles
 f - 4 poisoned darts (quivered)
Armour
 b - a +0 robe (worn)
 e - a +0 cloak (worn)
Jewellery
 g - an amulet of magic regeneration (around neck)
 q - a +6 ring of strength (left hand)
Wands
 j - a wand of flame (16)
 l - a wand of iceblast (11)
 o - a wand of acid (7)
Scrolls
 d - 2 scrolls of fear
 m - 2 scrolls of teleportation
 n - 3 scrolls of magic mapping
 p - a scroll of identify
Potions
 c - a potion of invisibility
 h - a potion of brilliance
 i - a potion of curing
 k - a potion of attraction {unknown}


   Skills:
 - Level 1.1 Short Blades
 - Level 2.6 Dodging
 - Level 4.4 Stealth
 + Level 8.4 Spellcasting
 + Level 8.7 Hexes


You had 12 spell levels left.
You knew the following spells:

 Your Spells              Type           Power      Damage    Failure   Level
a - Ensorcelled Hibernat  Hex/Ice        40%        N/A       2%          2
b - Tukima's Dance        Hex            34%        N/A       1%          3
c - Dazzling Flash        Conj/Hex       40%        N/A       5%          3
d - Confusing Touch       Hex            34%        N/A       1%          3

Your spell library contained the following spells:

 Spells                   Type           Power      Damage    Failure   Level
 Sublimation of Blood     Necr           6%         N/A       16%         2
 Wereblood                Tmut           6%         N/A       16%         2
 Ignite Poison            Fire/Tmut/Pois 6%         N/A       32%         3
 Mephitic Cloud           Conj/Pois/Air  6%         N/A       32%         3
 Freezing Cloud           Conj/Ice/Air   3%         6-21      96%         5
 Summon Hydra             Summ           3%         N/A       100%        7


Dungeon Overview and Level Annotations

Branches:
Dungeon (5/15)             Temple (1/1) D:5

Altars:
Ashenzari
Cheibriados
Dithmenos
Elyvilon
Hepliaklqana
Makhleb
Nemelex Xobeh
Okawaru
Ru
Sif Muna
Uskayaw
Wu Jian
Xom
Yredelemnul
Zin


Innate Abilities, Weirdness & Mutations

You are very small and have problems with some larger weapons.
You are too small for most types of armour.
You have supernaturally acute eyesight. (SInv)
You cover ground extremely quickly. (Speed+++)


Message History

The white imp misses you.
You hit the white imp but do no damage.
The white imp is heavily wounded.
The white imp barely misses you.
You hit the white imp but do no damage.
The white imp is heavily wounded.
The white imp completely misses you.
You hit the white imp but do no damage.
The white imp is heavily wounded.
The white imp misses you.
You hit the white imp.
The white imp is severely wounded.
The white imp misses you.
You catch the helpless white imp completely off-guard!
You puncture the white imp!
You kill the white imp!
Dithmenos accepts your kill.
No target in view!
No target in view!
There is an open door here.
An orc comes into view.
It is wielding a +0 club. 2 orc priests come into view.
The orc priest shouts! x2; You hear a shout!
The orc priest calls down the wrath of Beogh upon you.
Pain shoots through your body!
The orc shouts!
Unknown command.
The orc hits you with a +0 club.
The orc priest hits you with a +0 trident.
The orc priest invokes the aid of Beogh against you.
Beogh smites you!
Casting: Confusing Touch (safe; 1% risk of failure)
Confirm with . or Enter, or press ? or * to list all spells.
Aiming: Ensorcelled Hibernation (safe; 2% risk of failure)
Press: ? - help, Shift-Dir - straight line, f - orc priest
Aim: an orc priest, wielding a +0 trident and wearing a +0 chain mail (chance to affect: 52%)
The orc priest resists with significant effort.
The orc priest calls down the wrath of Beogh upon you.
Beogh smites you!
You die...

#####...##.....
.......#...# .....
......#.... ....
#.....##### .h. . .
#.....# ... . ..#.....#
#. ..'..o..# ##'#
#....o# #... #...o@#
#... #.....# #...
#.....#############...
#.....................
#.....................
#.....................
#..................###
.'..................#
..#...........#'######.


You could see 2 orc priests and an orc.

Vanquished Creatures
  Sigmund (D:5)
  A black bear (D:5)
  An ogre (D:5)
  2 phantoms
  2 scorpions
  A hound (D:5)
  An orc priest (D:2)
  A gnoll shaman (D:4)
  An iguana (D:5)
  An orc wizard (D:2)
  8 gnolls
  7 adders
  A white imp (D:5)
  3 worms
  A dart slug (D:4)
  11 orcs
  8 ball pythons
  5 bats
  10 endoplasms
  2 giant cockroaches
  4 goblins
  12 hobgoblins
  5 jackals
  2 quokkas
  3 frilled lizards
  4 kobolds
  7 rats
105 creatures vanquished.

Vanquished Creatures (collateral kills)
  A gnoll sergeant (D:5)
  5 gnolls
  An orc (D:5)
7 creatures vanquished.

Vanquished Creatures (others)
  2 dancing weapons (D:5)
  An adder (D:5)
  A plant (D:4)
4 creatures vanquished.

Grand Total: 116 creatures vanquished

Notes
Turn   | Place    | Note
-------+----------+-------------------------------------------
     0 | D:1      | cfesf the Spriggan Enchanter began the quest for the Orb.
     0 | D:1      | Reached XP level 1. HP: 9/9 MP: 5/5
   621 | D:2      | Found a shimmering blue altar of Sif Muna.
   754 | D:2      | Reached XP level 2. HP: 13/13 MP: 7/7
   757 | D:2      | Learned a level 2 spell: Ensorcelled Hibernation
  1430 | D:1      | Reached XP level 3. HP: 16/16 MP: 9/9
  1434 | D:1      | Learned a level 3 spell: Tukima's Dance
  1438 | D:1      | Learned a level 3 spell: Confusing Touch
  2549 | D:2      | Reached skill level 5 in Hexes
  2549 | D:2      | Reached XP level 4. HP: 16/21 MP: 11/11
  3271 | D:3      | Reached XP level 5. HP: 14/24 MP: 8/13
  3482 | D:3      | Reached skill level 5 in Spellcasting
  3953 | D:4      | Reached XP level 6. HP: 23/28 MP: 11/15
  4853 | D:5      | Entered Level 5 of the Dungeon
  4905 | D:5      | Found a staircase to the Ecumenical Temple.
  4912 | Temple   | Entered the Ecumenical Temple
  5120 | Temple   | Became a worshipper of Dithmenos the Shadowed
  5631 | D:5      | Reached XP level 7. HP: 18/32 MP: 6/18
  5770 | D:5      | Learned a level 3 spell: Dazzling Flash
  5851 | D:5      | Noticed Sigmund
  5864 | D:5      | Killed Sigmund
  6468 | D:5      | Reached XP level 8. HP: 21/36 MP: 11/21
  6822 | D:5      | Killed from afar by an orc priest

Illustrated notes

Levels and vault maps discovered:
D:1:      dpeg_arrival_rhombi, layout_basic, kennysheep_another_room,
          minmay_tiny_reverse_x
D:2:      minmay_evil_eye, layout_basic, basic_altar
D:3:      layout_basic, minmay_fractal_squares_gapless_5
D:4:      layout_rooms, serial_bayou_ford_a, minmay_misc_feat_doors
D:5:      layout_gridville, temple_green, lemuel_flamethrower_2, uniq_sigmund
Temple:   mainiacjoe_temple_cubbyholes

Skill      XL: |  1  2  3  4  5  6  7 |
---------------+----------------------+-----
Spellcasting   | 3 4 5 7 8 |  8.4
Hexes          | 4 5 6 7 8 |  8.7
Short Blades   | |  1.1
Dodging        | |  2.6
Stealth        | |  4.4

Action                   |  1- 3 |  4- 6 |  7- 9 || total
-------------------------+-------+-------+-------++-------
Melee: Dagger            |   116 |   139 |    51 ||   306
       Punch             |     1 |     1 |       ||     2
 Cast: Ensorcelled Hiber |     9 |    47 |    12 ||    68
       Tukima's Dance    |       |     3 |    11 ||    14
       Confusing Touch   |       |     3 |     1 ||     4
  Use: Scroll            |     4 |     3 |       ||     7
       Potion            |       |     2 |       ||     2
 Stab: Sleeping          |    12 |    34 |     7 ||    53
       Invisible         |       |     3 |       ||     3
       Confused          |       |     5 |     1 ||     6
Armor: Robe              |    11 |    22 |     5 ||    38
Dodge: Dodged            |   110 |   108 |    29 ||   247

Table legend: (Time is in decaauts)
 A = Elapsed time spent in this place.
 B = Non-inter-level travel time spent in this place.
 C = Inter-level travel time spent in this place.
 D = Time resting spent in this place.
 E = Time spent auto-exploring this place.
 F = Levels seen in this place.
 G = Mean time per level.
                   A        B        C        D        E       F      G
               +--------+--------+--------+--------+--------+-----+--------+
         Total |   5563 |   5490 |     73 |    714 |   3831 |   6 |  927.2 |
       Dungeon |   5420 |   5358 |     62 |    714 |   3705 |   5 | 1084.0 |
        Temple |    143 |    132 |     11 |      0 |    126 |   1 |  143.0 |
               +--------+--------+--------+--------+--------+-----+--------+

Top non-repeatable levels by time:
     D:2: 1632 daAuts
     D:5: 1316 daAuts
     D:4: 955 daAuts
     D:1: 943 daAuts
     D:3: 573 daAuts
  Temple: 143 daAuts
